AoeStats
← albaevaarina0

Arabia

510514719Analyzed
1v1 RM · 15h ago on Oct 1, 2026· 42m 7s· 2 players
Game mode
Random Map
Map size
Tiny (2 player)
Population
200
Speed
Normal
Resources
Standard
Victory
Conquest
Starting age
Dark Age
Ending age
Imperial Age
RankedLock teamsTeams togetherTeam positionsShared explorationLock speedFull tech treeHidden civsTurbo modeCheats
Victory
Defeat
🇧🇷 Mongols · Brazil
1162
+15
🇰🇿 Khmer · Kazakhstan
1131
-15
albaevaarina0
7:18 Loom
10:34 Feudal Age
10:36 Man-at-Arms
15:50 Double-Bit Axe
16:50 Horse Collar
21:17 Castle Age
21:06 Scale Barding Armor
21:28 Bloodlines
23:03 Gold Mining
25:19 Husbandry
25:44 Chain Barding Armor
30:48 Forging
32:49 Wheelbarrow
33:18 Ballistics
33:17 Stone Mining
34:03 Bow Saw
35:00 Heavy Plow
39:56 Padded Archer Armor
39:47 Fletching
40:03 Elite Skirmisher
41:02 Leather Archer Armor
feue832223
6:27 Loom
8:41 Feudal Age
9:46 Double-Bit Axe
10:02 Horse Collar
14:59 Wheelbarrow
14:58 Forging
16:44 Wheelbarrow
21:11 Castle Age
19:35 Gold Mining
19:34 Town Watch
19:53 Fletching
20:42 Bloodlines
21:07 Padded Archer Armor
22:07 Bow Saw
21:59 Heavy Plow
22:18 Husbandry
23:28 Bodkin Arrow
27:35 Leather Archer Armor
28:13 Ballistics
29:26 Stone Mining
30:34 Gold Shaft Mining
31:58 Hand Cart
36:26 Imperial Age
34:23 Herbal Medicine
35:16 Stone Shaft Mining
36:31 Thumb Ring
37:26 Bracer
38:28 Chemistry
38:31 Elite Mangudai
40:15 Scale Barding Armor
40:46 Iron Casting
39:33 Light Cavalry
41:46 Conscription
42:36 Chain Barding Armor
Connection lost

Rejoining the realm…

Still unreachable

The connection could not be restored.

Session expired

The server has moved on; the page needs a fresh start.